 Dungeon Crawl Stone Soup version 0.31-a0-702-gf82c85558f (webtiles) character file.

Game seed: 6412852063196182992

56 qw the Shooter (level 3, 0/22 HPs)
             Began as a Gargoyle Hunter on Sept 8, 2023.
             Slain by a worm (5 damage)
             ... on level 2 of the Dungeon.
             The game lasted 00:00:30 (1114 turns).

qw the Shooter (Gargoyle Hunter)                    Turns: 1114, Time: 00:00:31

Health: 0/22       AC:  8    Str: 14    XL:     3   Next: 97%
Magic:  3/3        EV: 10    Int:  9    God:
Gold:   150        SH:  5    Dex: 15    Spells: 2/2 levels left

rFire   . . .        Y - +0 shortbow
rCold   . . .        (shield currently unavailable)
rNeg    + . .        h - +0 ring mail
rPois   inf          (no helmet)
rElec   +            (no cloak)
rCorr   .            (no gloves)
SInv    .            (no boots)
Will    .....        g - amulet of reflection
Stlth   +            (no ring)
HPRegen 0.23/turn    (no ring)
MPRegen 0.08/turn

%: reflection
@: no status effects
A: sickness immunity, AC +3, negative energy resistance 1, electricity
resistance, torment resistance 1, petrification resistance
a: no special abilities


You were on level 2 of the Dungeon.
You visited 1 branch of the dungeon, and saw 2 of its levels.

You collected 150 gold pieces.


Innate Abilities, Weirdness & Mutations

You are immune to sickness and miasma.
Your stone body is resilient. (AC +3)
You are immune to poison.
You resist negative energy. (rN+)
You are resistant to electric shocks. (rElec)
You are resistant to unholy torment.
You are immune to petrification.


   Skills:
 + Level 2.8 Fighting
 - Level 5.0 Ranged Weapons
 - Level 1.0 Armour
 - Level 1.5 Dodging
 - Level 1.1 Stealth


You had 2 spell levels left.
You didn't know any spells.
Your spell library was empty.

Inventory:

Hand Weapons
 Y - a +0 shortbow (weapon)
Armour
 h - a +0 ring mail (worn)
Jewellery
 g - an amulet of reflection (around neck)
Scrolls
 c - a scroll of blinking {unknown}
 f - a scroll of teleportation {unknown}
Potions
 a - a potion of resistance {unknown}
 b - 2 potions of haste {unknown}
 d - a potion of enlightenment {unknown}
 e - 2 potions of mutation {unknown}
 i - a potion of heal wounds {unknown}

Dungeon Overview and Level Annotations

Branches:
Dungeon (2/15)

Altars:

Shops:
D:2 *


Message History

A kobold comes into view. It is wielding a +0 dagger.
The kobold shouts!
You shoot an arrow. The arrow hits the kobold!
You kill the kobold!
A worm comes into view.
You shoot an arrow. The arrow hits the worm.
The worm is moderately wounded.
You shoot an arrow. The arrow hits the worm.
The worm is moderately wounded.
A worm comes into view.
You shoot an arrow. The arrow barely misses the worm.
The worm bites you.
You shoot an arrow. The arrow barely misses the worm.
The worm barely misses you.
You shoot an arrow. The arrow hits the worm.
The worm is lightly wounded.
You shoot an arrow. The arrow hits the worm.
The worm is moderately wounded.
The worm closely misses you.
You shoot an arrow. The arrow hits the worm.
The worm is moderately wounded.
The worm bites you but does no damage.
You shoot an arrow. The arrow hits the worm.
The worm is heavily wounded.
You shoot an arrow. The arrow hits the worm.
The worm is severely wounded.
The worm bites you.
You shoot an arrow. The arrow barely misses the worm.
You shoot an arrow. The arrow hits the worm.
The worm is severely wounded.
The worm bites you.
You shoot an arrow. The arrow barely misses the worm.
The worm bites you. The worm barely misses you.
You shoot an arrow. The arrow hits the worm.
The worm is almost dead.
The worm bites you.
You shoot an arrow. The arrow hits the worm!
You kill the worm!
The worm bites you.
You die...

........%...................%...#
................................#
......#.......###.......#........
......#.......###.......#........
......#................## ...
..#####..........####.).# #.
..######.........# ....#
.................# ^...^
................@# .>
.................w......
........###.............
....##### #####.....^..^ ....#
#..#....). ....# #..##^.^.. #####
#..# #.... #..# #...


You could see a worm.

Vanquished Creatures
  2 adders (D:2)
  4 worms (D:2)
  2 dart slugs (D:2)
  3 bats
  2 endoplasms
  2 giant cockroaches
  2 goblins (D:2)
  2 jackals (D:1)
  2 ball pythons
  3 kobolds (D:2)
  4 rats (D:1)
28 creatures vanquished.

Notes
Turn   | Place    | Note
-------+----------+-------------------------------------------
     0 | D:1      | qw the Gargoyle Hunter began the quest for the Orb.
     0 | D:1      | Reached XP level 1. HP: 12/12 MP: 1/1
     0 | D:1      | 0 ||| qw: Version: 0.3-a-76-g4403597
     0 | D:1      | 0 ||| qw: Game counter: 1067
     0 | D:1      | 0 ||| qw: Melee chars always use a shield: true
     0 | D:1      | 0 ||| qw: God list: Okawaru
     0 | D:1      | 0 ||| qw: Allow faded altars: false
     0 | D:1      | 0 ||| qw: Do Orc after clearing Dungeon:15 true
     0 | D:1      | 0 ||| qw: Do second Lair branch before Depths: true
     0 | D:1      | 0 ||| qw: Lair rune preference: random
     0 | D:1      | 0 ||| qw: Goals: Normal
     0 | D:1      | 0 ||| PLANNING D:1-11
   515 | D:1      | Reached XP level 2. HP: 15/17 MP: 2/2
   620 | D:1      | 620 ||| UPGRADING to +0 ring mail.
   630 | D:1      | 630 ||| DROPPING +0 leather armour.
   631 | D:1      | 631 ||| UPGRADING to amulet of reflection.
   636 | D:1      | 636 ||| READING scroll labelled PAAFIE DONAZ.
   637 | D:1      | 637 ||| READING scroll labelled QISHIDAUD OCKO.
   638 | D:1      | 638 ||| DROPPING scroll of butterflies.
   663 | D:2      | 663 ||| STAIRDANCE
   704 | D:2      | 704 ||| STAIRDANCE
   752 | D:2      | Reached skill level 1 in Armour
   815 | D:2      | Reached XP level 3. HP: 12/21 MP: 3/3
   862 | D:2      | Found Zyrgh's General Store.
   920 | D:2      | Reached skill level 5 in Ranged Weapons
  1113 | D:2      | HP: 5/22 [worm (3)]
  1114 | D:2      | Slain by a worm

Levels and vault maps discovered:
D:1:      eino_arrival_cavern_a, layout_loops_cross
D:2:      layout_basic, serial_shops, shop_coins, dk_vineyard_2,
          nicolae_wormholes

Skill      XL: |  1  2  3 |
---------------+----------+-----
Armour         | 1 |  1.0
Ranged Weapons | 5 |  5.0
Fighting       | |  2.8
Dodging        | |  1.5
Stealth        | |  1.1

Action                     || total
---------------------------++-------
   Fire: Shortbow          ||   131
    Use: Scroll            ||     2
 Armour: Leather armour    ||    11
         Ring mail         ||    44
  Dodge: Dodged            ||    38
  Block: Other             ||    20

Table legend:
 A = Non-vault XP
 B = Vault XP
 C = Vault XP percentage of total XP
 D = Non-vault monster count
 E = Vault monster count
 F = Vault count percentage of total count
                 A         B        C        D         E       F
            +---------+---------+-------+---------+---------+-------
      Total |      76 |      10 |  11.6 |      26 |       2 |   7.1
            +---------+---------+-------+---------+---------+-------
        D:1 |      15 |       0 |   0.0 |      10 |       0 |   0.0
        D:2 |      61 |      10 |  14.1 |      16 |       2 |  11.1
            +---------+---------+-------+---------+---------+-------
